 Dungeon Crawl Stone Soup version 0.24.0-13-gcf9b3192b9 (webtiles) character file.

Game seed: 385547159497958336, levelgen mode: classic

2113 EnegeticOcto the Chopper (level 9, -4/57 HPs)
             Began as a Gargoyle Enchanter on Nov 8, 2019.
             Was a Priest of Okawaru.
             Slain by an orc warrior
             ... wielding a +0 battleaxe
              (17 damage)
             ... on level 7 of the Dungeon.
             The game lasted 00:07:13 (7208 turns).

EnegeticOcto the Chopper (Gargoyle Enchanter)       Turns: 7208, Time: 00:07:13

Health: -4/57      AC: 15    Str: 19    XL:     9   Next: 29%
Magic:  12/12      EV:  7    Int: 16    God:    Okawaru [***...]
Gold:   565        SH:  4    Dex: 10    Spells: 11/12 levels left

rFire    . . .     SeeInvis .   i - +2 hand axe (freeze)
rCold    . . .     Gourm    .   g - +0 buckler
rNeg     + . .     Faith    .   m - +0 chain mail
rPois    ∞         Spirit   .   t - +0 helmet (curse)
rElec    +         Reflect  .   (no cloak)
rCorr    .         Harm     .   (no gloves)
MR       .....                  (no boots)
Stlth    ..........             (no amulet)
HPRegen  0.19/turn              h - +4 ring of strength
MPRegen  0.13/turn              (no ring)

@: no status effects
A: negative energy resistance 1, electricity resistance, unbreathing,
petrification resistance, rot immunity, AC +6
a: Heroism, Renounce Religion


You were on level 7 of the Dungeon.
You worshipped Okawaru.
Okawaru was most pleased with you.
You were not hungry.

You visited 2 branches of the dungeon, and saw 8 of its levels.

You collected 733 gold pieces.
You spent 168 gold pieces at shops.

Inventory:

Hand Weapons
 i - a +2 hand axe of freezing (weapon)
Armour
 g - a +0 buckler (worn)
 m - a +0 chain mail (worn)
 t - a cursed +0 helmet (worn)
Jewellery
 h - a +4 ring of strength (left hand)
Wands
 l - a wand of polymorph (7)
 q - a wand of digging (2)
 r - a wand of paralysis (3)
Scrolls
 a - 3 scrolls of remove curse {@r2}
 b - a scroll of enchant weapon
 f - a scroll of immolation
Potions
 d - 2 potions of curing {@q1 !q}
 j - a potion of brilliance
 k - 3 potions of flight {unknown}
 n - a potion of cancellation
 o - a potion of degeneration {unknown}
 s - a potion of might {@q3 !q}
Comestibles
 c - 6 chunks of flesh
 e - 5 rations


   Skills:
 + Level 7.0 Fighting
   Level 0.8 Short Blades
 * Level 7.5 Axes
 - Level 1.5 Dodging
 - Level 3.2 Stealth
 - Level 4.0 Shields
 - Level 2.0 Spellcasting
 - Level 2.6 Hexes
 - Level 4.0 Invocations


You had 11 spell levels left.
You knew the following spells:

 Your Spells              Type           Power        Failure   Level  Hunger
a - Corona                Hex            ##.....      67%         1    #......

Your spell library contained the following spells:

 Spells                   Type           Power        Failure   Level  Hunger
 Ensorcelled Hibernation  Hex/Ice        #.....       94%         2    ###....
 Confuse                  Hex            ##......     96%         3    ###....
 Tukima's Dance           Hex            ##......     96%         3    ###....
 Dazzling Spray           Conj/Hex       #.....       99%         3    ###....


Dungeon Overview and Level Annotations

Branches:
Dungeon (7/15)             Temple (1/1) D:5

Altars:
Ashenzari
Cheibriados
Dithmenos
Elyvilon
Fedhas
Hepliaklqana
Kikubaaqudgha
Makhleb
Nemelex Xobeh
Okawaru
Qazlal
Ru
Sif Muna
Trog
Uskayaw
Vehumet
Wu Jian
Xom
Yredelemnul
The Shining One

Shops:
D:5 *}*

Annotations:
D:3 1 runed translucent door, ilikeclowns's ghost, amateur HuFi
D:5 3 runed translucent doors, stickyfingers's ghost, novice HOGl


Innate Abilities, Weirdness & Mutations

You are resistant to torment.
Your stone body is resilient. (AC +6)
You are immune to poison.
You resist negative energy. (rN+)
You are resistant to electric shocks. (rElec)
You can survive without breathing.
You are immune to petrification.
You are immune to rotting.


Message History

The hound bites you.
You slash the hound! You freeze the hound.
The hound is severely wounded.
The hound bites you but does no damage.
You hit the hound. You freeze the hound.
The hound is almost dead.
The hound bites you but does no damage. The hound barely misses you.
You slash the hound! You freeze the hound.
You kill the hound!
Okawaru accepts your kill.
Key pressed, stopping explore.
HP restored.
You butcher the hound corpse.
c - a chunk of flesh You see here a hound skeleton. x2
You now have 565 gold pieces (gained 18).
You butcher the cyclops corpse.
c - 6 chunks of flesh (gained 5)
You see here a cyclops skeleton. x2
Found 24 stones.
Found a leather armour.
Found 16 stones.
An orc comes into view. It is wielding a +0 hand axe.
An orc is nearby!
The orc shouts!
You hear a shout! x5
You slash the orc! You freeze the orc.
You kill the orc!
Okawaru accepts your kill.
No target in view!
No target in view!
No target in view!
No target in view!
No target in view!
No target in view!
An orc warrior comes into view. It is wielding a +0 war axe.
The orc warrior shouts!
You hear a shout!
An orc comes into view. It is wielding a +0 flail.
Things that are here:
a +0 hand axe; an orc corpse
There are monsters nearby!
There are monsters nearby!
There are monsters nearby!
Found a stone staircase leading down.
The orc warrior closely misses you.
You closely miss the orc warrior.
The orc warrior hits you with a +0 war axe!
You hit the orc warrior but do no damage.
You closely miss the orc warrior. You slash the orc! You freeze the orc.
You kill the orc!
Okawaru accepts your kill.
The orc warrior hits you with a +0 war axe!
You closely miss the orc warrior.
The orc warrior hits you with a +0 war axe.
You are too injured to fight recklessly!
You are too injured to fight recklessly!
You are too injured to fight recklessly!
You are too injured to fight recklessly!
You are too injured to fight recklessly!
Evoke which item? (* to show all) (? for menu, Esc to quit)
Aiming: Paralyse
Press: ? - help, Shift-Dir - straight line, f - orc warrior
Aim: an orc warrior, wielding a +0 war axe and wearing a +0 chain mail (chance to defeat MR: 46%)
The orc warrior resists with some effort.
The orc warrior hits you with a +0 war axe!
Evoke which item? (* to show all) (? for menu, Esc to quit)
Aiming: Paralyse
Press: ? - help, Shift-Dir - straight line, f/p - orc warrior
Aim: an orc warrior, wielding a +0 war axe and wearing a +0 chain mail (chance to defeat MR: 46%)
The orc warrior resists with some effort.
The orc warrior hits you with a +0 war axe.
* * * LOW HITPOINT WARNING * * *
Evoke which item? (* to show all) (? for menu, Esc to quit)
Aiming: Paralyse
Press: ? - help, Shift-Dir - straight line, f/p - orc warrior
Aim: an orc warrior, wielding a +0 war axe and wearing a +0 chain mail (chance to defeat MR: 46%)
The orc warrior resists with some effort.
Evoke which item? (* to show all) (? for menu, Esc to quit)
Aiming: Paralyse
Press: ? - help, Shift-Dir - straight line, f/p - orc warrior
Aim: an orc warrior, wielding a +0 war axe and wearing a +0 chain mail (chance to defeat MR: 46%)
The orc warrior resists with some effort.
The orc warrior completely misses you.
Evoke which item? (* to show all) (? for menu, Esc to quit)
Aiming: Paralyse
Press: ? - help, Shift-Dir - straight line, f/p - orc warrior
Aim: an orc warrior, wielding a +0 war axe and wearing a +0 chain mail (chance to defeat MR: 46%)
The orc warrior suddenly stops moving!
The helpless orc warrior fails to defend itself.
You hit the orc warrior. You freeze the orc warrior.
The orc warrior is lightly wounded.
An orc warrior comes into view.
It is wielding a +0 battleaxe and carrying a wand of iceblast (5).
The helpless orc warrior fails to defend itself.
You hit the orc warrior but do no damage.
The orc warrior is lightly wounded.
The helpless orc warrior fails to defend itself.
You hit the orc warrior but do no damage.
The orc warrior is lightly wounded.
You hit the orc warrior. You freeze the orc warrior.
The orc warrior hits you with a +0 battleaxe!
You die...

......
##.##..#
......
#.##[.##
.....
####...# ...
#......# #..
##.#.#..#
#..
#.......#
#..
#..#.#.##
#..##(.....#
#..o@.####.#
#..o### #.#
#...# #.#
.#......).#
#.#
...##.#..##
#.# .#
#.##.# #.# .
#. .. #.# #.
..# #.# .>.


You could see 2 orc warriors.

Vanquished Creatures
  A cyclops (D:7)
  A wyvern (D:5)
  An ice beast (D:5)
  A black bear (D:6)
  An ogre (D:5)
  2 phantoms
  2 howler monkeys
  2 crimson imps
  A centaur zombie (D:7)
  6 hounds
  2 orc priests
  6 orc wizards
  A gnoll shaman (D:6)
  A bullfrog skeleton (D:4)
  A jelly (D:5)
  An iguana (D:2)
  7 worker ants
  8 gnolls
  7 adders
  5 worms
  4 dart slugs
  2 leopard geckos
  20 orcs
  3 giant cockroaches
  3 hobgoblins
  14 jackals
  3 quokkas
  7 bats
  4 frilled lizards
  7 goblins
  10 kobolds
  A leopard gecko skeleton (D:4)
  A quokka skeleton (D:4)
  13 rats
149 creatures vanquished.

Notes
Turn   | Place    | Note
-------+----------+-------------------------------------------
     0 | D:1      | EnegeticOcto the Gargoyle Enchanter began the quest for the
                  | Orb.
     0 | D:1      | Reached XP level 1. HP: 10/10 MP: 3/3
    80 | D:1      | Reached skill level 1 in Fighting
   139 | D:1      | Reached XP level 2. HP: 12/17 MP: 5/5
   695 | D:1      | Reached XP level 3. HP: 17/22 MP: 6/6
  1479 | D:2      | Found an iron altar of Okawaru.
  1522 | D:2      | Became a worshipper of Warmaster Okawaru
  1709 | D:2      | Reached skill level 1 in Axes
  1763 | D:2      | Found an ornate altar of the Wu Jian Council.
  1790 | D:2      | HP: 1/23 [worm (6)]
  1791 | D:2      | Reached XP level 4. HP: 2/28 MP: 7/7
  2088 | D:2      | Reached skill level 1 in Shields
  2664 | D:3      | Found a runed translucent door.
  2778 | D:3      | Reached XP level 5. HP: 32/32 MP: 8/8
  2839 | D:3      | Noticed ilikeclowns's ghost (amateur HuFi)
  3447 | D:3      | Found a shattered altar of Ashenzari.
  3459 | D:3      | Found a shimmering altar of Xom.
  3566 | D:4      | Found a sacrificial altar of Ru.
  3580 | D:4      | Reached XP level 6. HP: 35/38 MP: 9/9
  3672 | D:4      | Reached * piety under Okawaru
  3672 | D:4      | Reached skill level 1 in Invocations
  3761 | D:4      | Found a bloodstained altar of Trog.
  4152 | D:4      | Reached XP level 7. HP: 40/44 MP: 10/10
  4535 | D:4      | Found a radiant altar of Vehumet.
  4536 | D:4      | Found a burning altar of Makhleb.
  4601 | D:5      | Entered Level 5 of the Dungeon
  4617 | D:5      | Reached ** piety under Okawaru
  4625 | D:5      | Noticed stickyfingers's ghost (novice HOGl)
  4748 | D:5      | Reached skill level 5 in Fighting
  4892 | D:5      | Noticed a wyvern
  4902 | D:5      | Killed a wyvern
  4902 | D:5      | Reached skill level 5 in Axes
  4902 | D:5      | Reached XP level 8. HP: 42/49 MP: 8/11
  4962 | D:5      | Found a runed translucent gate.
  4963 | D:5      | Found a runed translucent gate.
  4964 | D:5      | Found a runed translucent gate.
  4989 | D:5      | Found a staircase to the Ecumenical Temple.
  5082 | Temple   | Entered the Ecumenical Temple
  5188 | D:5      | Found a shadowy altar of Dithmenos.
  5443 | D:5      | Found Siotec's Gadget Emporium.
  5558 | D:5      | Found Taes's Lightly-Used Armoury.
  5778 | D:5      | Found Nonapsix's Assorted Antiques.
  5827 | D:5      | Bought a jewelled lead wand for 84 gold pieces
  5827 | D:5      | Bought a shiny ivory wand for 84 gold pieces
  5962 | D:6      | Reached *** piety under Okawaru
  6371 | D:6      | Reached XP level 9. HP: 36/56 MP: 12/12
  6688 | D:6      | Found a stormy altar of Qazlal.
  7031 | D:7      | Noticed a cyclops
  7057 | D:7      | Killed a cyclops
  7208 | D:7      | Slain by an orc warrior

Levels and vault maps discovered:
D:1:      roderic_crop_circles_arrival_small, layout_loops_corners,
          minmay_tetromino_i2
D:2:      layout_basic, lemuel_crystal_altar, first_ration,
          okawaru_metal_pillars_1_2
D:3:      layout_loops_ring, amethyst_overflow_temple_binary,
          hellmonk_ghost_happy_afterlife
D:4:      minmay_polygon_palace, layout_basic,
          grunt_temple_overflow_lords_of_destruction,
          nicolae_ru_sacrificial_ziggurat, overflow_temple_1_default,
          minmay_misc_feat_rugged, grunt_tough_drop
D:5:      layout_gridville, nicolae_dithmenos_shadow_blocks,
          minmay_temple_entry_statues_fountains, gammafunk_ghost_split,
          serial_shops, nicolae_shop_stone, nicolae_shop_window_shopping,
          minmay_shop_damaged
D:6:      layout_basic, lemuel_doored_altar
D:7:      layout_basic, zin_angel, serial_glass, glass_columns_a,
          glass_columns_b, glass_columns_b, glass_columns_a, glass_columns_a,
          glass_columns_c, item_on_display_b, feat_on_display,
          minmay_strange_pillars, uniq_pikel
Temple:   eino_wide_crystal_templ

Skill      XL: |  1  2  3  4  5  6  7  8  9 |
---------------+----------------------------+-----
Fighting       | 1 2 3 4 5 6 7 |  7.0
Axes           | 1 2 3 5 6 7 |  7.5
Shields        | 1 2 3 4 |  4.0
Invocations    | 1 3 4 |  4.0
Short Blades   | |  0.8
Dodging        | |  1.5
Stealth        | |  3.2
Spellcasting   | |  2.0
Hexes          | |  2.6

Action                   |  1- 3 |  4- 6 |  7- 9 || total
-------------------------+-------+-------+-------++-------
Melee: Dagger            |    85 |       |       ||    85
       Hand axe          |    46 |   190 |   297 ||   533
       Whip              |    46 |       |       ||    46
Invok: Heroism           |       |       |     2 ||     2
Evoke: Wand              |       |       |     5 ||     5
  Use: Scroll            |     1 |     5 |     6 ||    12
       Potion            |       |       |     2 ||     2
 Stab: Sleeping          |     8 |       |       ||     8
       Paralysed         |       |       |     3 ||     3
  Eat: Chunk             |     3 |     8 |     8 ||    19
       Ration            |       |       |     1 ||     1
Armor: Robe              |    66 |       |       ||    66
       Scale mail        |    23 |    40 |       ||    63
       Chain mail        |       |    63 |   159 ||   222
Dodge: Dodged            |   125 |    92 |    86 ||   303
Block: Buckler           |    10 |    39 |    46 ||    95
